Map: Ruinas de Endión

Players

xXkazperXx - Winner!

  • Race: Zerg Zerg
  • League: Bronze

RANURA DE IA (Media)

  • Race: Zerg Zerg

VOD

Have the link to the VOD?

Description

Time

  • Played on: April 6, 2016, 1:57 a.m.
  • Length: 38:39
Show
View Real Time Build Order
Export as new Build Order

xXkazperXx Zerg - Winner!

Build Orders: Pool First 

Get SALT Encoding   

  12  0:02  Drone  
  13  0:11  Drone  
  14  0:29  Spawning Pool  
  14  0:35  Extractor, Drone  
  13  0:41  Overlord  
  13  1:10  Drone x3  
  16  1:21  Roach Warren  
  16  1:25  Drone  
  16  1:30  Queen  
  18  1:36  Zergling x2  
  19  1:53  Zergling x2  
  20  1:55  Zergling x2  
  21  2:03  Extractor  
  20  2:11  Burrow  
  20  2:16  Roach  
  20  2:17  Overlord  
  22  2:40  Hatchery  
  22  2:43  Roach  
  23  3:05  Roach x3  
  29  3:09  Zergling x2  
  30  3:29  Lair  
  30  3:48  Metabolic Boost  
  30  3:52  Drone  
  31  3:58  Drone  
  32  4:17  Overlord  
  32  4:18  Drone  
  33  4:27  Drone x2  
  33  4:30  Drone  
  36  4:43  Drone x2  
  38  4:54  Drone x3  
  38  4:58  Drone  
  42  5:20  Roach  
  44  5:21  Overlord  
  40  6:02  Zergling x2  
  40  6:03  Zergling x4  
  43  6:06  Drone x3  
  46  6:14  Queen  
  46  6:15  Extractor  
  47  6:23  Hydralisk Den  
  46  6:27  Spire  
  46  6:29  Glial Reconstitution  
  45  6:42  Roach x5  
  45  6:44  Drone  
  45  6:45  Drone x2  
  48  7:21  Hydralisk x2  
  52  7:35  Overlord x3, Spine Crawler  
  51  7:40  Extractor  
  50  7:54  Muscular Augments  
  50  8:02  Infestation Pit  
  50  8:04  Mutalisk x5  
  50  8:05  Mutalisk x4  
  61  8:11  Drone  
  68  8:14  Drone x2  
  68  8:19  Pneumatized Carapace  
  70  8:56  Hive  
  70  9:01  Infestor  
  70  9:02  Infestor  
  74  9:06  Overlord x2  
  74  9:25  Swarm Host x2  
  74  9:27  Overlord  
  71  10:20  Overseer  
  71  11:25  Mutalisk x4  
  71  11:28  Hydralisk x2  
  71  11:30  Hatchery  
  71  11:32  Overlord  
  82  12:09  Neural Parasite  
  82  12:16  Hatchery  
  82  12:20  Zergling x10  
  86  12:27  Drone  
  86  12:28  Drone x3  
  90  12:33  Drone  
  91  12:49  Spine Crawler x2  
  84  13:51  Drone x3  
  84  13:54  Drone x3  
  90  14:04  Queen  
  92  14:12  Corruptor x4  
  92  14:13  Corruptor  
  92  14:14  Extractor  
  92  14:15  Greater Spire  
  101  14:18  Corruptor  
  101  14:20  Overlord  
  101  14:21  Overlord x2  
  101  14:22  Zergling x2  
  104  14:29  Spore Crawler  
  103  14:42  Spore Crawler  
  102  14:45  Spore Crawler  
  102  14:48  Spore Crawler  
  100  14:54  Spine Crawler  
  99  15:03  Drone x3  
  102  15:15  Drone x2  
  102  15:16  Drone  
  102  15:19  Extractor  
  104  15:29  Mutalisk x5  
  104  15:30  Mutalisk  
  116  15:42  Lurker Den  
  116  15:45  Zerg Flyer Armor Level 1  
  116  15:47  Pathogen Glands  
  116  15:58  Overseer  
  116  16:21  Brood Lord x6  
  128  16:26  Overlord x3  
  116  17:14  Zergling x8  
  116  17:15  Zergling x8  
  112  18:19  Hatchery  
  111  18:41  Drone x3  
  111  18:43  Queen  
  116  18:53  Ultralisk Cavern  
  116  18:55  Evolution Chamber  
  114  19:00  Zergling x10  
  114  19:01  Zergling x2  
  120  19:07  Lair  
  120  19:34  Zerg Melee Weapons Level 1  
  120  19:36  Hatchery  
  98  20:17  Lurker x2  
  98  20:18  Lurker  
  91  21:00  Ravager  
  91  21:01  Ravager  
  87  22:00  Drone x2  
  87  22:01  Drone  
  90  22:05  Hydralisk x3  
  90  22:08  Hydralisk x5  
  94  22:11  Mutalisk x2  
  94  22:12  Mutalisk x7  
  94  22:13  Mutalisk x3  
  128  22:21  Ravager  
  125  23:15  Lurker x2  
  125  23:16  Lurker  
  128  23:33  Lurker x4  
  132  24:32  Drone x3  
  132  24:33  Queen  
  132  24:36  Extractor  
  136  24:39  Extractor  
  136  24:41  Corruptor x3  
  138  24:47  Zergling x6  
  120  26:04  Brood Lord x3  
  126  26:26  Drone x2  
  126  26:27  Drone  
  129  26:55  Hydralisk x3  
  129  26:56  Queen  
  137  27:04  Drone x3  
  140  27:10  Drone x3  
  140  27:15  Drone x3  
  146  27:54  Lurker x4  
  135  30:54  Hatchery  
  132  31:38  Extractor  
  131  31:56  Drone  
  131  31:58  Mutalisk x2  
  131  32:00  Mutalisk  
  131  32:01  Mutalisk x4  
  146  33:09  Queen  
  148  33:14  Ultralisk x2  
  148  33:17  Overlord  
  160  33:35  Extractor  
  160  33:36  Ultralisk  
  160  33:37  Ultralisk  
  160  33:40  Overlord  
  171  33:56  Overseer  
  171  35:55  Chitinous Plating  
  171  35:58  Zerg Missile Weapons Level 1  
  171  36:04  Viper x3  
  171  36:08  Overlord x2  
  171  36:10  Overlord  
  171  36:11  Overlord x5  
Show
View Real Time Build Order
Export as new Build Order

RANURA DE IA (Media) Zerg 

Build Orders: Pool First 

Get SALT Encoding   

  12  0:01  Drone  
  13  0:12  Overlord  
  13  0:17  Drone  
  14  0:30  Drone  
  14  0:33  Drone  
  16  0:43  Spawning Pool  
  16  0:45  Drone  
  16  0:49  Drone  
  17  0:52  Extractor  
  17  0:55  Drone  
  17  1:06  Overlord  
  17  1:31  Zergling x2, Queen  
  20  1:38  Drone  
  20  1:39  Roach Warren  
  20  1:40  Zergling x2, Extractor  
  20  1:49  Drone  
  21  2:00  Drone  
  22  2:10  Overlord  
  22  2:21  Roach  
  24  2:32  Roach  
  26  2:41  Roach, Drone  
  29  2:47  Overlord  
  29  2:51  Roach  
  31  2:54  Drone  
  32  3:05  Baneling Nest, Drone  
  33  3:10  Roach, Drone  
  35  3:13  Drone  
  35  3:17  Drone  
  37  3:27  Evolution Chamber  
  37  3:28  Drone  
  37  3:38  Roach  
  39  3:41  Overlord  
  39  3:42  Drone  
  40  5:02  Overlord, Lair, Drone  
  40  5:04  Spore Crawler  
  40  5:05  Spore Crawler, Drone  
  40  5:08  Drone  
  40  5:11  Drone  
  42  5:17  Hatchery  
  41  5:34  Drone  
  42  5:38  Zergling x2  
  41  5:45  Spine Crawler  
  32  5:51  Spine Crawler  
  32  5:52  Drone  
  30  5:57  Roach  
  30  5:59  Queen  
  30  6:00  Overseer x2  
  30  6:04  Hydralisk Den, Drone  
  31  6:06  Infestation Pit  
  31  6:08  Drone  
  31  6:10  Roach  
  34  6:22  Spire  
  34  6:23  Ravager  
  36  6:25  Roach  
  36  6:30  Drone  
  37  6:33  Drone  
  37  6:37  Drone  
  37  6:38  Hydralisk  
  41  6:42  Drone  
  41  6:45  Drone  
  43  6:48  Drone  
  43  6:50  Hydralisk  
  43  6:51  Drone  
  43  6:53  Drone  
  48  6:56  Drone  
  48  6:59  Drone  
  50  7:02  Drone  
  50  7:03  Hydralisk  
  50  7:04  Ravager  
  54  7:10  Spore Crawler  
  54  7:11  Drone  
  54  7:14  Drone  
  55  7:19  Spore Crawler  
  55  7:21  Hydralisk, Drone  
  57  7:24  Drone  
  57  7:25  Overlord  
  57  7:27  Drone  
  59  7:33  Drone  
  59  7:34  Roach  
  59  7:36  Queen  
  64  7:37  Drone  
  64  7:40  Drone  
  64  7:43  Drone  
  67  7:45  Overlord  
  67  7:46  Drone  
  67  7:49  Drone  
  69  7:53  Spine Crawler  
  69  7:57  Spine Crawler  
  67  7:58  Drone  
  67  7:59  Evolution Chamber  
  67  8:01  Drone  
  68  8:41  Extractor  
  68  8:44  Extractor  
  66  9:04  Drone  
  66  9:07  Drone  
  68  9:10  Drone  
  68  9:13  Drone  
  70  9:18  Corruptor  
  70  9:19  Hive  
  70  9:20  Overlord x2, Overseer  
  70  9:21  Pneumatized Carapace  
  70  9:22  Zerg Melee Weapons Level 1  
  72  9:30  Infestor, Hatchery  
  73  9:33  Zerg Ground Armor Level 1  
  73  9:41  Corruptor  
  75  9:53  Infestor  
  67  10:07  Zergling x2, Burrow  
  59  10:32  Greater Spire  
  59  10:37  Ultralisk Cavern  
  58  10:43  Queen, Drone  
  58  10:46  Drone  
  58  10:49  Drone  
  63  10:51  Drone  
  63  10:53  Extractor  
  63  10:54  Spore Crawler, Drone  
  63  10:56  Spore Crawler  
  62  10:57  Drone  
  62  11:00  Drone  
  62  11:03  Drone  
  65  11:04  Extractor  
  65  11:06  Spore Crawler, Drone  
  65  11:09  Drone  
  65  11:12  Drone  
  65  11:15  Drone  
  65  11:16  Zerg Missile Weapons Level 1  
  65  11:18  Drone  
  68  11:20  Drone  
  68  11:21  Spine Crawler  
  68  11:23  Spine Crawler  
  68  11:24  Drone  
  68  11:27  Drone  
  68  11:29  Drone  
  71  11:32  Drone  
  71  11:45  Corruptor  
  71  11:46  Brood Lord  
  75  11:47  Spire  
  75  11:48  Drone  
  75  11:57  Corruptor  
  75  11:58  Brood Lord  
  79  12:56  Roach  
  79  12:57  Overlord, Zerg Melee Weapons Level 2  
  81  13:00  Roach  
  81  13:03  Roach  
  85  13:07  Roach  
  85  13:10  Zerg Ground Armor Level 2, Hydralisk  
  89  13:14  Roach  
  89  13:16  Overlord  
  89  13:18  Roach  
  85  13:21  Roach  
  85  13:25  Roach  
  85  13:28  Hydralisk  
  85  13:30  Overseer  
  85  13:32  Hydralisk  
  85  13:34  Overlord  
  85  13:36  Roach, Muscular Augments  
  85  13:37  Overseer  
  85  13:40  Roach  
  89  13:43  Roach  
  89  13:47  Roach  
  93  13:51  Zerg Flyer Weapons Level 1, Roach  
  93  13:53  Overlord  
  93  13:54  Roach  
  97  13:58  Roach  
  97  14:01  Roach  
  101  14:04  Hydralisk  
  101  14:08  Hydralisk  
  105  14:12  Overlord, Hydralisk  
  105  14:15  Infestor, Zerg Flyer Armor Level 1  
  109  14:31  Overlord  
  109  14:54  Hatchery  
  108  15:01  Overlord, Overseer  
  108  15:12  Zerg Missile Weapons Level 2  
  108  15:26  Zerg Melee Weapons Level 3  
  108  15:45  Zerg Flyer Weapons Level 2  
  108  16:07  Queen, Drone  
  108  16:09  Zerg Flyer Armor Level 2  
  111  16:15  Drone  
  111  16:31  Overseer  
  111  16:36  Drone  
  111  16:44  Queen  
  111  16:49  Extractor  
  111  16:50  Spore Crawler, Drone  
  111  16:51  Extractor  
  111  16:53  Drone  
  110  16:55  Spore Crawler, Drone  
  110  16:59  Drone  
  111  17:05  Spine Crawler  
  111  17:06  Drone x2  
  109  17:09  Hydralisk, Drone  
  109  17:12  Drone  
  109  17:14  Hydralisk  
  111  17:19  Roach  
  111  17:22  Roach  
  111  17:24  Drone  
  111  17:26  Zergling x2, Overseer, Spine Crawler  
  111  17:27  Overlord  
  111  17:28  Zerg Ground Armor Level 3, Drone  
  109  17:31  Roach  
  109  17:33  Drone x3  
  109  17:34  Spine Crawler  
  109  17:35  Roach  
  109  17:36  Drone  
  94  17:39  Drone  
  94  17:40  Roach, Overseer  
  94  17:42  Drone  
  83  17:44  Roach  
  83  17:45  Drone  
  83  17:47  Overlord  
  83  17:48  Roach, Drone  
  83  17:51  Drone  
  87  17:53  Roach  
  87  17:54  Drone  
  87  17:57  Drone  
  87  17:58  Roach  
  76  18:00  Drone  
  76  18:02  Roach  
  76  18:03  Zerg Missile Weapons Level 3, Queen, Drone  
  76  18:06  Roach, Drone  
  76  18:09  Drone  
  76  18:11  Roach  
  76  18:12  Drone  
  80  18:15  Drone  
  80  18:16  Roach  
  80  18:18  Drone  
  78  18:20  Roach  
  78  18:21  Drone  
  78  18:23  Drone  
  78  18:24  Roach  
  78  18:26  Drone  
  82  18:29  Roach, Drone  
  82  18:32  Drone  
  82  18:33  Roach  
  86  18:35  Drone  
  86  18:36  Hydralisk  
  86  18:38  Drone  
  86  18:41  Hydralisk, Drone  
  87  18:44  Drone  
  87  18:45  Hydralisk  
  87  18:47  Drone  
  91  18:50  Infestor, Drone  
  91  18:53  Drone  
  91  18:54  Hydralisk  
  97  18:55  Drone  
  97  18:58  Drone  
  97  19:01  Drone  
  100  19:04  Drone  
  100  19:07  Drone  
  102  19:10  Drone  
  102  19:13  Drone  
  102  19:16  Drone  
  105  19:19  Drone  
  105  19:22  Drone  
  107  19:25  Drone  
  107  19:28  Drone  
  107  19:30  Drone  
  110  19:33  Drone  
  111  19:48  Drone  
  111  19:51  Zergling x2  
  111  19:52  Drone  
  111  19:55  Drone  
  111  19:58  Roach  
  105  20:00  Drone  
  105  20:02  Overlord  
  105  20:03  Queen  
  105  20:07  Roach  
  85  20:15  Drone x2  
  85  20:16  Hydralisk  
  76  20:25  Drone  
  76  20:26  Roach  
  71  20:28  Drone  
  71  20:31  Drone  
  71  20:33  Queen  
  71  20:35  Corruptor  
  72  20:38  Queen  
  72  20:45  Corruptor  
  71  20:50  Overseer, Drone  
  71  20:53  Drone  
  71  20:54  Infestor  
  71  20:56  Queen, Drone  
  73  20:59  Drone  
  74  21:04  Infestor  
  74  21:07  Drone  
  74  21:10  Drone  
  74  21:13  Drone  
  74  21:14  Zergling x2  
  74  21:16  Drone  
  74  21:18  Hatchery  
  74  21:19  Drone  
  74  21:21  Queen  
  74  21:22  Drone  
  74  21:23  Corruptor  
  74  21:24  Queen  
  74  21:25  Drone  
  75  21:27  Overseer  
  72  21:36  Zergling x2  
  72  21:38  Drone  
  65  21:41  Drone  
  65  21:44  Drone  
  64  21:47  Drone  
  64  21:50  Drone  
  64  21:52  Queen  
  64  21:53  Infestor, Drone  
  63  21:56  Drone  
  60  22:02  Drone  
  60  22:03  Infestor  
  60  22:05  Drone  
  59  22:08  Drone  
  59  22:10  Queen  
  59  22:11  Drone  
  59  22:12  Queen, Corruptor  
  59  22:14  Drone  
  60  22:21  Drone  
  60  22:22  Zergling x2  
  60  22:24  Spore Crawler  
  60  22:25  Drone  
  60  22:28  Drone  
  58  22:30  Queen  
  58  22:31  Corruptor, Drone  
  58  22:32  Spine Crawler  
  58  22:33  Spore Crawler  
  58  22:34  Spore Crawler, Drone  
  61  22:37  Drone  
  61  22:39  Spine Crawler  
  61  22:40  Drone  
  61  22:41  Spore Crawler  
  61  22:43  Drone  
  61  22:46  Drone  
  61  22:48  Queen  
  61  22:49  Zergling x2, Drone  
  59  22:52  Drone  
  59  22:55  Drone  
  59  22:56  Drone  
  59  22:58  Infestor, Drone  
  58  23:01  Drone  
  58  23:03  Drone  
  58  23:07  Infestor, Drone  
  58  23:10  Drone  
  61  23:13  Drone  
  61  23:15  Drone  
  61  23:16  Drone  
  61  23:19  Drone  
  61  23:20  Drone  
  61  23:22  Drone  
  61  23:25  Drone  
  60  23:28  Drone  
  60  23:31  Drone  
  60  23:34  Overseer  
  60  23:36  Drone  
  60  23:39  Drone, Spine Crawler  
  55  23:45  Corruptor  
  50  23:51  Zergling x2  
  50  23:53  Zergling x2  
  48  23:56  Mutalisk, Baneling  
  48  24:00  Mutalisk  
  49  24:04  Zergling x2  
  49  24:06  Zergling x2  
  49  24:09  Zergling x2  
  51  24:15  Zergling x2, Baneling  
  50  24:17  Mutalisk  
  50  24:18  Overseer, Brood Lord  
  50  24:19  Mutalisk  
  50  24:22  Zergling x2  
  54  24:24  Zergling x2  
  54  24:27  Zergling x2  
  54  24:28  Drone  
  54  24:29  Zergling x2  
  52  24:31  Zergling x2  
  52  24:34  Zergling x2  
  52  24:36  Baneling  
  53  24:38  Mutalisk  
  53  24:39  Baneling x2  
  53  24:41  Zergling x2, Baneling  
  53  24:43  Zergling x2  
  54  24:45  Zergling x2  
  54  24:47  Drone  
  54  24:48  Baneling  
  54  24:50  Zergling x2  
  54  24:52  Zergling x2  
  56  24:54  Zergling x2  
  56  24:57  Zergling x2  
  56  24:59  Zergling x2  
  56  25:01  Overseer  
  56  25:02  Zergling x2  
  56  25:04  Overseer  
  56  25:05  Zergling x2  
  52  25:07  Zergling x2  
  52  25:09  Zergling x2  
  52  25:10  Overlord  
  52  25:12  Zergling x2  
  52  25:14  Drone  
  50  25:20  Mutalisk  
  45  25:24  Mutalisk  
  45  25:28  Zergling x2  
  42  25:35  Overlord  
  40  25:39  Baneling x2  
  38  25:42  Zergling x2  
  38  25:45  Zergling x2  
  38  25:54  Zergling x2, Overseer, Drone  
  38  25:56  Zergling x2, Overlord  
  39  25:57  Overseer  
  39  25:58  Drone  
  39  26:01  Baneling  
  39  26:02  Zergling x2  
  40  26:05  Baneling  
  40  26:10  Mutalisk  
  42  26:16  Mutalisk  
  41  26:20  Drone  
  41  26:22  Baneling  
  41  26:24  Drone  
  37  26:26  Zergling x2  
  37  26:29  Zergling x2  
  37  26:33  Zergling x2  
  37  26:35  Zergling x2  
  37  26:39  Zergling x2  
  40  26:44  Drone  
  39  26:47  Drone  
  39  26:48  Baneling  
  39  26:50  Drone  
  38  26:54  Drone  
  38  26:57  Zergling x2  
  38  27:00  Drone  
  40  27:06  Mutalisk  
  42  27:12  Zergling x2  
  42  27:13  Overseer  
  42  27:19  Overlord  
  38  27:37  Roach, Overlord  
  38  27:42  Roach  
  39  27:47  Infestor  
  39  27:49  Drone  
  42  27:52  Infestor, Drone  
  42  27:55  Drone  
  42  27:57  Overseer  
  46  28:02  Roach  
  48  28:08  Overlord  
  48  28:12  Roach  
  48  28:18  Roach  
  50  28:23  Infestor  
  52  28:30  Infestor  
  54  28:36  Infestor  
  56  28:41  Roach  
  56  28:42  Overlord  
  56  28:44  Infestor  
  56  28:47  Roach  
  46  28:52  Roach  
  44  28:57  Roach  
  44  29:02  Infestor  
  48  29:14  Hydralisk  
  50  29:19  Queen  
  50  29:23  Overseer  
  48  29:25  Roach  
  44  29:36  Roach  
  42  29:41  Roach  
  41  29:46  Roach  
  41  29:50  Infestor  
  45  29:56  Zergling x2  
  45  29:59  Overlord  
  43  30:00  Infestor  
  43  30:06  Infestor  
  47  30:11  Roach  
  47  30:16  Roach  
  45  30:21  Lair  
  45  30:28  Roach, Overseer  
  33  30:44  Overlord  
  25  31:05  Overlord  
  25  31:12  Hatchery  
  23  31:23  Overlord  
  23  31:43  Overlord  
  22  32:03  Overlord  
  22  32:06  Evolution Chamber  
  21  32:21  Drone  
  21  32:22  Overlord  
  21  32:25  Drone  
  21  32:27  Drone  
  23  32:44  Infestation Pit, Overseer  
  23  32:47  Overseer  
  23  32:48  Hydralisk Den  
  19  33:22  Hive  
  19  33:32  Overlord  
  19  33:35  Drone  
  19  33:39  Drone  
  20  33:42  Drone  
  21  33:52  Overlord, Spawning Pool  
  21  33:53  Drone  
  21  33:55  Evolution Chamber  
  19  33:56  Drone  
  20  34:10  Drone  
  20  34:13  Drone  
  19  34:29  Overlord  
  19  34:44  Evolution Chamber  
  17  34:47  Hydralisk Den, Drone  
  17  34:50  Overlord, Ultralisk Cavern, Drone  
  17  34:53  Evolution Chamber  
  17  34:55  Drone  
  17  35:00  Drone  
  18  35:08  Drone  
  18  35:11  Drone  
  20  35:15  Overlord  
  20  35:18  Hydralisk  
  22  35:40  Ultralisk  
  28  35:44  Overseer  
  28  35:49  Spawning Pool  
  26  36:10  Spawning Pool, Overlord  
  17  36:29  Drone  
  17  36:32  Drone  
  17  36:38  Drone  
  13  37:12  Drone  
  13  37:15  Drone  
  13  37:19  Drone  
  13  37:31  Drone  
  13  37:35  Drone x3  
  13  37:44  Drone  
Tags
 
Add a new tag
Caveats
  • Supply blocks, unpowered buildings, or Contaminate may cause inaccurate times.
  • Supply counts are checked every 10 seconds.